 Dungeon Crawl Stone Soup version 0.32-a0-918-g0f22ef8d61 (webtiles) character file.

Game seed: 8878148423741660843

961 Autsider the Ruffian (level 7, -14/62 (70) HPs)
             Began as a Troll Fighter on Apr 10, 2024.
             Demolished by a wight
             ... wielding a +3 halberd of freezing
              (16 damage)
             ... on level 5 of the Dungeon.
             The game lasted 00:07:07 (3563 turns).

Autsider the Ruffian (Troll Fighter)                Turns: 3563, Time: 00:07:08

HP:   -14/62 (70)   AC:  5    Str: 25    XL:     7   Next: 92%
MP:   6/6           EV:  8    Int:  4    God:
Gold: 989           SH:  8    Dex: 11    Spells: 6/6 levels left

rFire   . .          .
                       - Unarmed
rCold   . . .        b - +0 kite shield
rNeg    . . .        a - +0 robe
rPois   .            (helmet restricted)
rElec   .            m - +0 cloak
rCorr   .            (gloves unavailable)
SInv    .            (boots unavailable)
Will    .....        (no amulet)
Stlth   +            (no ring)
HPRegen 1.10/turn    (no ring)
MPRegen 0.10/turn

%: no passive effects
@: heavily drained
A: large, unfitting armour, claws 3, regeneration 1, shaggy fur 1, tough skin 1
a: no special abilities


You were on level 5 of the Dungeon.
You visited 1 branch of the dungeon, and saw 5 of its levels.

You collected 989 gold pieces.

Inventory:

Hand Weapons
 r - the +2 hand axe "Umasm" {flame, rElec rN+}
   (You found it on level 4 of the Dungeon)

   rElec:     It insulates you from electricity.
   rN+:       It protects you from negative energy.
Missiles
 g - 4 atropa-tipped darts (quivered)
Armour
 a - a +0 robe (worn)
 b - a +0 kite shield (worn)
 m - a +0 cloak (worn)
 s - a scarf of invisibility
Jewellery
 l - a ring of flight
Scrolls
 d - 2 scrolls of enchant armour
 e - a scroll of noise
 h - a scroll of fear {unknown}
 i - 2 scrolls of teleportation {@r2}
 n - a scroll of silence {unknown}
 t - a scroll of fog {unknown}
Potions
 c - a potion of might
 f - a potion of ambrosia {unknown}
 j - 2 potions of brilliance
 k - 2 potions of berserk rage {unknown}
 o - a potion of mutation {unknown}
 p - 4 potions of heal wounds {@q2}
 q - a potion of magic {unknown}


   Skills:
 + Level 4.1 Fighting
 + Level 4.1 Dodging
 + Level 4.5 Shields
 * Level 6.1 Unarmed Combat


You had 6 spell levels left.
You didn't know any spells.
Your spell library was empty.

Dungeon Overview and Level Annotations

Branches:
Dungeon (5/15)
 Temple: D:4-7

Altars:
Elyvilon
Gozag
Qazlal

Shops:
D:2 [   D:3 =

Annotations:
D:3 1 runed translucent door, zyxw121's ghost, amateur KoBr


Innate Abilities, Weirdness & Mutations

You are too large for most types of armour.
You have claws for hands.
Your natural rate of healing is unusually fast.
You are covered in fur. (AC +1)
You have tough skin. (AC +1)


Message History

The wight freezes you.
* * * LOW HITPOINT WARNING * * *
You closely miss the wight. You claw the wight!
The wight is severely damaged.
The wight hits you with a +0 dagger.
* * * LOW HITPOINT WARNING * * *
The wight barely misses you.
You scratch the wight.
The wight is severely damaged.
You block the wight's attack. x2
The wight hits you with a +3 halberd of freezing.
* * * LOW HITPOINT WARNING * * *
The wight freezes you.
* * * LOW HITPOINT WARNING * * *
The wight hits you with a +3 halberd of freezing.
* * * LOW HITPOINT WARNING * * *
You feel drained.
* * * LOW HITPOINT WARNING * * *
The wight freezes you.
* * * LOW HITPOINT WARNING * * *
The wight attacks as it pursues you! The wight hits you but does no damage.
The wight hits you with a +0 flail.
* * * LOW HITPOINT WARNING * * *
You feel drained.
* * * LOW HITPOINT WARNING * * *
The wight hits you with a +3 halberd of freezing.
* * * LOW HITPOINT WARNING * * *
You feel drained. The wight freezes you.
* * * LOW HITPOINT WARNING * * *
You block the wight's attack. x2
The wight hits you with a +0 flail!
* * * LOW HITPOINT WARNING * * *
You feel drained.
* * * LOW HITPOINT WARNING * * *
You block the wight's attack. The wight attacks as it pursues you!
The wight hits you with a +0 flail.
* * * LOW HITPOINT WARNING * * *
The wight hits you from afar with a +3 halberd of freezing!
You die...

#...[).# # #......# #
##..#..################
#..##.##......<.......
###.#..#..............
#..#.................
###.z...#..............
#....z###..............
#....z@...............#
##.#..#................
########....#......#..
###.##.........>
#...###........#
#...........####
##.....#.#### #....##.#
##...####


You could see 3 wights.

Vanquished Creatures
  Edmund (D:5)
  A black bear (D:5)
  2 centaurs (D:5)
  2 phantoms (D:5)
  A scorpion (D:5)
  A centaur zombie (D:4)
  A jelly (D:4)
  A bombardier beetle (D:5)
  2 hounds
  2 iguanas
  2 hound zombies (D:4)
  A howler monkey zombie (D:4)
  6 adders
  A shadow imp (D:5)
  2 adder zombies (D:4)
  2 adder skeletons (D:4)
  2 ribbon worms
  A dart slug (D:1)
  6 orcs
  4 ball pythons
  8 bats
  11 endoplasms
  2 giant cockroaches (D:2)
  5 goblins
  A hobgoblin (D:1)
  4 jackals (D:2)
  2 quokkas
  5 frilled lizards
  4 kobolds
  10 rats
93 creatures vanquished.

Notes
Turn   | Place    | Note
-------+----------+-------------------------------------------
     0 | D:1      | Autsider the Troll Fighter began the quest for the Orb.
     0 | D:1      | Reached XP level 1. HP: 22/22 MP: 0/0
    65 | D:1      | Found a faded altar of an unknown god.
    66 | D:1      | Noticed a great orb of eyes
    68 | D:1      | Noticed a great orb of eyes
    68 | D:1      | Noticed a great orb of eyes
    68 | D:1      | Noticed an eye of devastation
    70 | D:1      | Reached XP level 2. HP: 29/29 MP: 1/1
   733 | D:2      | Reached XP level 3. HP: 36/36 MP: 2/2
   767 | D:2      | Found a stormy altar of Qazlal.
   921 | D:2      | Reached skill level 3 in Unarmed Combat
   975 | D:2      | Found Harikhic's Antique Armour Boutique.
  1473 | D:3      | Found Okhlasiu's Jewellery Emporium.
  1585 | D:3      | Reached XP level 4. HP: 44/44 MP: 3/3
  2040 | D:3      | Found a runed translucent door.
  2041 | D:3      | Noticed zyxw121's ghost (amateur KoBr)
  2400 | D:4      | Identified a scroll of acquirement
  2416 | D:4      | Reached XP level 5. HP: 49/53 MP: 4/4
  2520 | D:4      | Identified the +2 hand axe "Umasm" {flame, rElec rN+}
  2579 | D:4      | Reached skill level 4 in Unarmed Combat
  2875 | D:4      | Reached XP level 6. HP: 56/61 MP: 5/5
  3171 | D:5      | Entered Level 5 of the Dungeon
  3172 | D:5      | Acquired 756 gold pieces
  3174 | D:5      | Noticed Edmund
  3198 | D:5      | Killed Edmund
  3220 | D:5      | Found a white marble altar of Elyvilon.
  3240 | D:5      | Reached skill level 5 in Unarmed Combat
  3240 | D:5      | Reached XP level 7. HP: 62/67 MP: 6/6
  3313 | D:5      | Found an opulent altar of Gozag.
  3519 | D:5      | Reached skill level 6 in Unarmed Combat
  3563 | D:5      | HP: 2/62 [wight/+0 flail (4)]
  3563 | D:5      | Demolished by a wight

Illustrated notes

Levels and vault maps discovered:
D:1:      minmay_arrival_glassed_features, layout_loops_ring,
          hellmonk_ecumenical_altar_watching_god, corexii_corridor_pit
D:2:      layout_basic, basic_altar, serial_shops, shop,
          chequers_serial_rivers_micro_a
D:3:      layout_loops_ring, serial_rivers, chequers_serial_rivers_micro_a,
          chequers_serial_rivers_large_b, chequers_serial_rivers_micro_a,
          chequers_serial_rivers_micro_c, chequers_serial_rivers_small_a,
          serial_shops, shop, ebering_ghost_reflecting_pool
D:4:      layout_basic, serial_undead, serial_undead_b, serial_undead_c,
          serial_undead_c, serial_undead_f
D:5:      layout_cave_pools, mainiacjoe_overflow_concentric_impassable,
          mainiacjoe_overflow_alcove_3, nicolae_gozag_seed_capital,
          uniq_crazy_yiuf_cottage, uniq_edmund

Skill      XL: |  1  2  3  4  5  6  7 |
---------------+----------------------+-----
Shields        | 3 4 |  4.5
Unarmed Combat | 3 4 5 6 |  6.1
Fighting       | 3 4 |  4.1
Dodging        | 3 4 |  4.1

Action                     |  1- 3 |  4- 6 |  7- 9 || total
---------------------------+-------+-------+-------++-------
  Melee: Unarmed           |    97 |   118 |    41 ||   256
    Use: Scroll            |     1 |     6 |       ||     7
   Stab: Sleeping          |       |     1 |       ||     1
 Armour: Robe              |    62 |    59 |    47 ||   168
  Dodge: Dodged            |    20 |    30 |    15 ||    65
  Block: Kite shield       |    31 |    36 |    28 ||    95

Table legend: (Time is in decaauts)
 A = Elapsed time spent in this place.
 B = Non-inter-level travel time spent in this place.
 C = Inter-level travel time spent in this place.
 D = Time resting spent in this place.
 E = Time spent auto-exploring this place.
 F = Levels seen in this place.
 G = Mean time per level.
                   A        B        C        D        E       F      G
               +--------+--------+--------+--------+--------+-----+--------+
         Total |   3575 |   3462 |    113 |     14 |   2802 |   5 |  715.0 |
       Dungeon |   3575 |   3462 |    113 |     14 |   2802 |   5 |  715.0 |
               +--------+--------+--------+--------+--------+-----+--------+

Top non-repeatable levels by time:
     D:3: 928 daAuts
     D:4: 865 daAuts
     D:2: 790 daAuts
     D:1: 598 daAuts
     D:5: 393 daAuts
